 Dungeon Crawl Stone Soup version 0.28-a0-674-gdaf460b524 (webtiles) character file.

Game seed: 17388363321514722115

39 zezblit the Cutter (level 3, 27/27 HPs)
             Began as a Demonspawn Gladiator on Oct 11, 2021.
             Quit the game on level 1 of the Dungeon on Dec 20, 2021.
             The game lasted 00:04:07 (1572 turns).

zezblit the Cutter (Demonspawn Gladiator)           Turns: 1572, Time: 00:04:07

Health: 27/27      AC:  4    Str: 14    XL:     3   Next: 28%
Magic:  3/3        EV: 12    Int: 11    God:
Gold:   48         SH:  0    Dex: 15    Spells: 2/2 levels left

rFire   . . .      SeeInvis .   a - +0 rapier
rCold   . . .      Faith    .   (no shield)
rNeg    . . .      Spirit   .   b - +0 leather armour
rPois   .          Reflect  .   c - +0 helmet
rElec   .          Harm     .   (no cloak)
rCorr   .          Rampage  .   (no gloves)
Will    .....                   (no boots)
Stlth   +.........              (no amulet)
HPRegen 0.09/turn               (no ring)
MPRegen 0.08/turn               (no ring)

@: no status effects
A: ignite blood 1, big brain 1
a: no special abilities


You were on level 1 of the Dungeon.
You visited 1 branch of the dungeon, and saw 1 of its levels.

You collected 48 gold pieces.

Inventory:

Hand Weapons
 a - a +0 rapier (weapon)
Missiles
 d - 3 throwing nets (quivered)
Armour
 b - a +0 leather armour (worn)
 c - a +0 helmet (worn)
Jewellery
 j - an amulet of magic regeneration
 l - a ring of magical power
Scrolls
 e - a scroll of silence {unknown}
 f - 2 scrolls of teleportation {unknown}
 g - 3 scrolls of blinking {unknown}
 h - 2 scrolls of enchant armour {unknown}
Potions
 i - a potion of cancellation {unknown}
 k - a potion of curing {unknown}


   Skills:
 + Level 2.2 Fighting
 + Level 3.3 Short Blades
 + Level 1.8 Throwing
 + Level 0.8 Armour
 + Level 3.1 Dodging
 + Level 0.1 Stealth


You had 2 spell levels left.
You didn't know any spells.
Your spell library was empty.

Dungeon Overview and Level Annotations

Branches:
Dungeon (1/15)

Altars:


Innate Abilities, Weirdness & Mutations

Your demonic aura sometimes causes spilled blood to erupt in flames.
You have an unusually large brain. (Int +2)


Message History

You kill the hobgoblin!
You see here a hobgoblin corpse.
You now have 48 gold pieces (gained 6).
You see here a +0 dagger.
You see here a hobgoblin corpse.
You see here a hobgoblin corpse.
A rat comes into view.
You hit the rat.
You kill the rat!
A kobold comes into view. It is wielding a +0 dagger.
The kobold shouts!
The kobold closely misses you.
You hit the kobold.
You kill the kobold!
A hobgoblin comes into view.
The hobgoblin shouts!
The hobgoblin misses you.
You closely miss the hobgoblin. The hobgoblin closely misses you.
A frilled lizard comes into view.
You barely miss the hobgoblin. The hobgoblin completely misses you.
You hit the hobgoblin.
You kill the hobgoblin!
No target in view!
No target in view!
The frilled lizard closely misses you.
You miss the frilled lizard.
The frilled lizard bites you but does no damage.
You hit the frilled lizard.
You kill the frilled lizard!
Done exploring.
Unknown command.
Are you sure you want to abandon this character and quit the game? (Confirm with "yes".)
Okay, then.
Unknown command.
Welcome back, zezblit the Demonspawn Gladiator.
Press ? for a list of commands and other information.
Welcome back, zezblit the Demonspawn Gladiator.
Press ? for a list of commands and other information.
Unknown command.
Are you sure you want to abandon this character and quit the game? (Confirm with "yes".)

#.#.........###......#
..#########..#.####.##
..# #.#.## ##.## ###
#.#.# ##...## #
#.#.###.....#######
#####
###.#.##.......)....#
....#
#.....##......#####.#
###.# #.#.####.#...##
#.# # #.#
#.#...##@##.## #.# #.#
#.###.##.##.# #.# #.#
#.# #.##.##.#### #.#
#.# #.# #.##.##....#
#.# ##.## #.#
#.##.#####.# #.#
##...####.# #.##.# #.#
#.# .).#†.....# #.##.#
#.# #.#
##...########.##.# #.#
#.# #.###.#
#....##.#####.####.#


There were no monsters in sight!

Vanquished Creatures
  A dart slug (D:1)
  2 endoplasms (D:1)
  A giant cockroach (D:1)
  5 goblins (D:1)
  4 hobgoblins (D:1)
  2 jackals (D:1)
  2 kobolds (D:1)
  2 quokkas (D:1)
  3 ball pythons (D:1)
  3 bats (D:1)
  7 frilled lizards (D:1)
  3 rats (D:1)
35 creatures vanquished.

Vanquished Creatures (others)
  8 plants (D:1)
8 creatures vanquished.

Grand Total: 43 creatures vanquished

Notes
Turn   | Place    | Note
-------+----------+-------------------------------------------
     0 | D:1      | zezblit the Demonspawn Gladiator began the quest for the
                  | Orb.
     0 | D:1      | Reached XP level 1. HP: 16/16 MP: 1/1
   230 | D:1      | Gained mutation: Your demonic aura sometimes causes spilled
                  | blood to erupt in flames. [demonic ancestry]
   230 | D:1      | Reached XP level 2. HP: 21/22 MP: 2/2
  1061 | D:1      | Gained mutation: You have an unusually large brain. (Int
                  | +2) [demonic ancestry]
  1061 | D:1      | Reached XP level 3. HP: 10/27 MP: 3/3
  1572 | D:1      | Upgraded the game from 0.28-a0-653-g7e9dba17c3 to
                  | 0.28-a0-674-gdaf460b524
  1572 | D:1      | Quit the game

Illustrated notes

Levels and vault maps discovered:
D:1:      minmay_arrival_hallway, layout_loops_ring, kennysheep_doodads,
          minmay_lizard_king

Skill      XL: |  1  2 |
---------------+-------+-----
Short Blades   | 3 |  3.3
Dodging        | 3 |  3.1
Fighting       | |  2.2
Throwing       | |  1.8
Armour         | |  0.8
Stealth        | |  0.1

Action                   || total
-------------------------++-------
Melee: Rapier            ||   100
 Stab: Distracted        ||     1
       Sleeping          ||     1
Armor: Leather armour    ||    33
Dodge: Dodged            ||    66

Table legend: (Time is in decaauts)
 A = Elapsed time spent in this place.
 B = Non-inter-level travel time spent in this place.
 C = Inter-level travel time spent in this place.
 D = Time resting spent in this place.
 E = Time spent auto-exploring this place.
 F = Levels seen in this place.
 G = Mean time per level.
                   A        B        C        D        E       F      G
               +--------+--------+--------+--------+--------+-----+--------+
         Total |   1575 |   1575 |      0 |    540 |    785 |   1 | 1575.0 |
       Dungeon |   1575 |   1575 |      0 |    540 |    785 |   1 | 1575.0 |
               +--------+--------+--------+--------+--------+-----+--------+

Top non-repeatable levels by time:
     D:1: 1575 daAuts
